 Dungeon Crawl Stone Soup version 0.28.0-53-g5a82cb258f (webtiles) character file.

Game seed: 1282403570704207531

1522 Peloso the Carver (level 8, -5/70 HPs)
             Began as a Minotaur Fighter on June 23, 2022.
             Killed by divine providence
             ... invoked by an orc priest
              (12 damage)
             ... on level 7 of the Dungeon.
             The game lasted 00:10:02 (6412 turns).

Peloso the Carver (Minotaur Fighter)                Turns: 6412, Time: 00:10:02

Health: -5/70      AC:  7    Str: 21    XL:     8   Next: 54%
Magic:  7/7        EV: 13    Int:  5    God:
Gold:   227        SH:  5    Dex: 12    Spells: 7/7 levels left

rFire   . . .      SeeInvis +   a - +0 long sword
rCold   . . .      Faith    .   c - +0 buckler
rNeg    . . .      Spirit   .   e - +5 robe of Night {Dark Will+ SInv}
rPois   .          Reflect  .   (helmet restricted)
rElec   .          Harm     .   (no cloak)
rCorr   .          Rampage  .   (no gloves)
Will    +....                   (no boots)
Stlth   ++........              (no amulet)
HPRegen 0.21/turn               (no ring)
MPRegen 0.10/turn               (no ring)

@: no status effects
A: horns 2, retaliatory headbutt
a: no special abilities


You were on level 7 of the Dungeon.
You visited 1 branch of the dungeon, and saw 7 of its levels.
You also visited: Sewer.

You collected 227 gold pieces.

Inventory:

Hand Weapons
 a - a +0 long sword (weapon)
Armour
 b - a +1 scale mail
 c - a +0 buckler (worn)
 e - the +5 robe of Night (worn) {Dark Will+ SInv}
   (You found it on level 2 of the Dungeon)

   It shrouds the wearer in darkness, reducing the range at which they can see
   and be seen by others.
   SInv:      It lets you see invisible.
   Will:      It increases your willpower.
 o - a +0 pair of boots
Jewellery
 y - a ring of ice
Wands
 n - a wand of flame (21)
Scrolls
 h - 4 scrolls of blinking
 i - a scroll of magic mapping
 j - a scroll of holy word {unknown}
 m - 3 scrolls of teleportation
 p - a scroll of enchant weapon {unknown}
 x - a scroll of noise {unknown}
 z - a scroll of identify
Potions
 d - a potion of might
 f - a potion of magic
 g - 3 potions of heal wounds
 k - a potion of brilliance
 l - a potion of berserk rage
 q - 3 potions of curing {unknown}
 r - 2 potions of resistance {unknown}
 s - 2 potions of haste {unknown}
 t - 2 potions of ambrosia {unknown}
 u - a potion of invisibility {unknown}
 v - a potion of attraction {unknown}
 w - a potion of cancellation {unknown}


   Skills:
 + Level 6.0 Fighting
 + Level 8.6 Long Blades
 + Level 4.2 Armour
 + Level 5.3 Dodging
 + Level 2.4 Stealth
 + Level 5.6 Shields


You had 7 spell levels left.
You didn't know any spells.
Your spell library contained the following spells:

 Spells                   Type           Power      Damage    Failure   Level
 Stone Arrow              Conj/Erth      0%         3d7       90%         3
 Animate Armour           Summ/Erth      0%         N/A       100%        4
 Lehudib's Crystal Spear  Conj/Erth      0%         10d2      100%        8


Dungeon Overview and Level Annotations

Branches:
Dungeon (7/15)             Temple (0/1) D:5           Sewer (visited)

Altars:
Dithmenos

Shops:
D:5 [


Innate Abilities, Weirdness & Mutations

You have a pair of horns on your head.
You reflexively headbutt those who attack you in melee.


Message History

An orc warrior and an orc come into view.
The orc warrior is wielding a +0 battleaxe of electrocution.
There are monsters nearby!
There are monsters nearby!
You barely miss the orc warrior. Your headbutt misses the orc warrior.
The orc warrior hits you with a +0 battleaxe of electrocution!
You barely miss the orc warrior. You headbutt the orc warrior.
The orc warrior is lightly wounded.
The orc warrior hits you with a +0 battleaxe of electrocution!
You closely miss the orc warrior.
The orc warrior is lightly wounded.
The orc shouts!
You hear a shout!
The orc warrior hits you with a +0 battleaxe of electrocution!
An orc priest comes into view. It is wielding a +0 hand axe.
An orc priest comes into view. It is wielding a +0 falchion.
The orc priest shouts!
You hit the orc warrior but do no damage.
You headbutt the orc warrior, but do no damage.
The orc warrior is lightly wounded.
You hear a shout!
A scorpion comes into view.
The orc warrior hits you with a +0 battleaxe of electrocution!
You are electrocuted!
* * * LOW HITPOINT WARNING * * *
You hit the orc warrior. Your headbutt misses the orc warrior.
The orc warrior is lightly wounded.
The orc warrior barely misses you.
The orc priest casts a cantrip, but nothing happens.
You closely miss the orc warrior.
The orc warrior is lightly wounded.
You block the orc warrior's attack.
An orc comes into view. It is wielding a +0 hand axe.
You hit the orc warrior.
The orc warrior is lightly wounded.
The orc warrior hits you with a +0 battleaxe of electrocution!
* * * LOW HITPOINT WARNING * * *
The orc complains repeatedly.
The orc priest mumbles some strange prayers to Beogh against you.
Beogh smites you!
You die...

.## ##.# .
.###..# ..
#.#.#.# ...
##...#.##s...
#......oooo..
#.##...#@##....
#........# ...
#####.#### ..
#.# . #.# #+#
#.# #.# #.# #.#
#.# ####.##
##.######.#...##


You could see an orc warrior, a scorpion, 2 orc priests and an orc.

Vanquished Creatures
  Eustachio (D:4)
  A steam dragon (D:5)
  A water moccasin (D:5)
  An orc warrior (D:7)
  A necrophage (D:6)
  An ogre (D:6)
  A phantom (D:6)
  4 scorpions
  2 howler monkeys
  A hound (D:4)
  A jelly (D:6)
  2 orc priests
  2 iguanas (D:6)
  3 orc wizards
  A hell rat (Sewer)
  A howler monkey zombie (D:6)
  4 adders
  3 gnolls (D:5)
  3 river rats
  A shadow imp (D:6)
  A white imp (D:5)
  4 worms
  11 orcs
  6 bats
  9 endoplasms
  3 giant cockroaches
  8 goblins
  9 hobgoblins
  7 quokkas
  8 ball pythons
  8 frilled lizards
  10 kobolds
  11 rats
130 creatures vanquished.

Vanquished Creatures (others)
  4 fungi (D:1)
4 creatures vanquished.

Grand Total: 134 creatures vanquished

Notes
Turn   | Place    | Note
-------+----------+-------------------------------------------
     0 | D:1      | Peloso the Minotaur Fighter began the quest for the Orb.
     0 | D:1      | Reached XP level 1. HP: 19/19 MP: 0/0
    20 | D:1      | You fall into a shaft and drop 1 floor!
   200 | D:2      | Reached XP level 2. HP: 21/27 MP: 1/1
   467 | D:2      | Found the +5 robe of Night {Dark Will+ SInv}
  1018 | D:1      | Reached skill level 3 in Long Blades
  1038 | D:1      | Reached XP level 3. HP: 33/33 MP: 2/2
  1336 | D:1      | Found a faded altar of an unknown god.
  2185 | D:3      | Reached XP level 4. HP: 40/40 MP: 3/3
  2198 | D:3      | Reached skill level 1 in Dodging
  2492 | D:4      | Noticed a scorpion
  2494 | D:4      | Noticed Eustachio
  2506 | D:4      | Killed a scorpion
  2507 | D:4      | Reached skill level 4 in Long Blades
  2507 | D:4      | Reached XP level 5. HP: 45/46 MP: 4/4
  2552 | D:4      | Killed Eustachio
  2553 | D:4      | Reached skill level 5 in Long Blades
  2553 | D:4      | Reached XP level 6. HP: 8/53 MP: 5/5
  2649 | D:4      | Found a shadowy altar of Dithmenos.
  2730 | D:4      | Reached skill level 1 in Stealth
  2897 | D:4      | Found a glowing drain.
  2915 | Sewer    | Entered a sewer
  3065 | Sewer    | Reached skill level 6 in Long Blades
  3872 | D:5      | Entered Level 5 of the Dungeon
  3965 | D:4      | Reached XP level 7. HP: 32/60 MP: 6/6
  4118 | D:5      | Reached skill level 5 in Fighting
  4208 | D:5      | Found a staircase to the Ecumenical Temple.
  4774 | D:5      | Found Nykergh Feov's Armour Shoppe.
  4809 | D:5      | Noticed a steam dragon
  4816 | D:5      | Killed a steam dragon
  4817 | D:5      | Reached skill level 7 in Long Blades
  5257 | D:5      | Reached skill level 5 in Shields
  5332 | D:6      | Reached XP level 8. HP: 38/69 MP: 7/7
  5766 | D:6      | Reached skill level 8 in Long Blades
  5766 | D:6      | Reached skill level 5 in Dodging
  6412 | D:7      | Killed from afar by an orc priest

Illustrated notes

Levels and vault maps discovered:
D:1:      dpeg_arrival_simpleton_a, layout_loops_corners,
          shapermc_ecumenical_altar_hornbeckon
D:2:      layout_loops_cross, moated_statue
D:3:      layout_rooms
D:4:      layout_basic, mainiacjoe_overflow_catwalk, portal_sewer_entry_c,
          minmay_misc_feat_square, uniq_eustachio
D:5:      layout_basic, minmay_temple_entry_butterflies, serial_shops,
          nicolae_shop_waterfront, minmay_misc_feat_ornament,
          kennysheep_windowed_goal
D:6:      layout_cave_pools, minmay_strange_pillars
D:7:      layout_loops_corners

Skill      XL: |  1  2  3  4  5  6  7  8 |
---------------+-------------------------+-----
Armour         | 4 |  4.2
Long Blades    | 3 4 5 6 7 8 |  8.6
Shields        | 4 5 |  5.6
Fighting       | 4 5 6 |  6.0
Dodging        | 1 2 3 4 5 |  5.3
Stealth        | 1 2 |  2.4

Action                   |  1- 3 |  4- 6 |  7- 9 || total
-------------------------+-------+-------+-------++-------
Melee: Long sword        |   118 |   132 |   134 ||   384
       Headbutt          |    14 |    20 |    23 ||    57
  Use: Scroll            |     3 |     6 |       ||     9
 Stab: Sleeping          |     2 |       |     2 ||     4
       Distracted        |       |       |     1 ||     1
Armor: Scale mail        |    16 |       |       ||    16
       Robe              |    45 |    49 |    34 ||   128
Dodge: Dodged            |    64 |    64 |    58 ||   186
Block: Buckler           |    26 |    18 |    37 ||    81
